 Dungeon Crawl Stone Soup version 0.29.0-4-gdea44cf6ec (webtiles) character file.

Game seed: 14684250765301669974

6478 qw the Cleaver (level 11, -9/72 (85) HPs)
             Began as a Formicid Cinder Acolyte on Sept 3, 2022.
             Was a Believer of Ignis.
             Killed from afar by Nergalle (19 damage)
             ... with a bolt of negative energy
             ... on level 11 of the Dungeon.
             The game lasted 00:05:24 (13273 turns).

qw the Cleaver (Formicid Cinder Acolyte)           Turns: 13273, Time: 00:05:25

HP:   -9/72 (85)    AC: 24    Str: 21    XL:     11   Next: 19%
MP:   12/12         EV:  6    Int: 17    God:    Ignis [**....]
Gold: 777           SH: 18    Dex: 12    Spells: 12/12 levels left

rFire   + . .      SeeInvis +   Y - +4 battleaxe (freeze)
rCold   . . .      Faith    .   p - +2 kite shield
rNeg    . . .      Spirit   .   h - +0 plate armour
rPois   .          Reflect  +   (helmet unavailable)
rElec   .          Harm     .   e - +1 cloak
rCorr   +          Rampage  .   n - +1 pair of gloves
Will    +....                   (no boots)
Stlth   ..........              o - amulet of reflection
HPRegen 0.22/turn               a - ring of resist corrosion
MPRegen 0.13/turn               (no ring)

@: lethally poisoned (-9 -> -18), fiery-armoured, heavily drained
A: permanent stasis, dig shafts and tunnels, antennae 3, four strong arms, agile
1, clever 1
a: Dig, Shaft Self, Renounce Religion, Fiery Armour, Foxfire Swarm, Rising Flame


You were on level 11 of the Dungeon.
You worshipped Ignis.
Ignis was pleased with you.
You visited 1 branch of the dungeon, and saw 11 of its levels.

You collected 777 gold pieces.


Innate Abilities, Weirdness & Mutations

You cannot be hasted, slowed, berserked, paralysed or teleported.
You can dig through walls and to a lower floor.
You have a pair of large antennae on your head. (SInv)
Your four strong arms can wield two-handed weapons with a shield.
You are agile. (Dex +4, Str/Int -1)
Your mind is acute. (Int +4, Str/Dex -1)


   Skills:
 + Level 7.7 Fighting
 - Level 11.1 Axes
 - Level 1.0 Throwing
 - Level 7.0 Armour
 - Level 2.3 Dodging
 - Level 10.0 Shields
 - Level 1.1 Spellcasting
 - Level 3.0 Fire Magic


You had 12 spell levels left.
You didn't know any spells.
Your spell library contained the following spells:

 Spells                   Type           Power      Damage    Failure   Level
 Scorch                   Fire           22%        2d6       97%         2

Inventory:

Hand Weapons
 m - a +2 hand axe of flaming
 Y - a +4 battleaxe of freezing (weapon)
Missiles
 i - 6 boomerangs (quivered)
Armour
 e - a +1 cloak (worn)
 h - a +0 plate armour (worn)
 n - a +1 pair of gloves (worn)
 p - a +2 kite shield (worn)
Jewellery
 a - a ring of resist corrosion (left hand)
 b - the amulet "Yzap" {Faith Will- Str+9}
   (You took it off an orc on level 5 of the Dungeon)

   [amulet of faith]

   It allows you to gain divine favour quickly.
   Str:       It affects your strength (+9).
   Will:      It decreases your willpower.
 l - a ring of resist corrosion
 o - an amulet of reflection (around neck)
Scrolls
 j - 2 scrolls of identify
 k - 2 scrolls of teleportation
Potions
 c - a potion of resistance
 d - 3 potions of mutation
 f - 2 potions of might
 g - 7 potions of curing
 q - a potion of haste

Dungeon Overview and Level Annotations

Branches:
Dungeon (11/15)            Temple (0/1) D:7             Orc (0/2) D:10
   Lair: D:8-11

Altars:
Fedhas
Gozag
Okawaru
Vehumet
Zin

Shops:
D:10 (

Annotations:
D:6 2 transporters, qw's ghost, novice FoCA
D:11 Nergalle


Message History

You hit the centaur. You freeze the centaur. You barely miss Nergalle.
You hit the spectral orc warrior but do no damage.
You feel sick.
The spectral orc warrior hits you but does no damage.
You are more poisoned.
You block the centaur's attack. x2
The spectral orc warrior hits you but does no damage.
You are more poisoned.
The spectral orc warrior is burned by your cloak of flames.
The spectral orc warrior is moderately damaged.
The centaur hits you.
The centaur is burned by your cloak of flames.
The centaur is severely wounded.
You block the centaur's attack. You block Nergalle's attack.
You slash the centaur! You freeze the centaur.
You kill the centaur!
You slash Nergalle! You freeze Nergalle. You hit the spectral orc warrior.
You freeze the spectral orc warrior.
You feel very sick.
The spectral orc warrior hits you but does no damage.
The spectral orc warrior is burned by your cloak of flames.
The spectral orc warrior is heavily damaged.
Nergalle barely misses you.
You block the spectral orc warrior's attack.
Your Shields skill increases to level 10!
You slash the spectral orc warrior! You freeze the spectral orc warrior.
You destroy the spectral orc warrior!
The spectral orc warrior disappears in a puff of smoke!
You slash Nergalle! You freeze Nergalle!
You feel very sick.
Nergalle gestures at you while chanting.
Orcish apparitions take form around you.
You hit Nergalle. You freeze Nergalle.
Nergalle is almost dead.
You slash the orc wizard! You freeze the orc wizard.
You kill the orc wizard!
You feel sick. Nergalle casts a spell at you.
The bolt of negative energy hits you!!
You feel drained.
You die...

.# #... ..# {
##.... .... {
......
.<..#####......
...............
...[..(........
......ยค)o......
###@#### #......#
#..ZZ..# { #....).#
{ #......# {
#......#
{{########......#
+###......#..:...#
..........#......#.


You could see Nergalle and 2 spectral orcs.

Vanquished Creatures
  Grinder (D:3)
  3 trolls
  A wraith (D:10)
  2 wyverns
  A steam dragon (D:8)
  Edmund (D:6)
  2 water moccasins
  2 orc warriors (D:8)
  4 black bears
  2 ice beasts
  3 phantoms
  11 centaurs
  2 kobold brigands
  4 bullfrogs
  A gnoll sergeant (D:8)
  A necrophage (D:6)
  3 scorpions (D:5)
  8 wights
  21 killer bees
  2 howler monkeys (D:10)
  3 hounds
  A jelly (D:6)
  A gnoll bouda (D:8)
  8 orc priests
  2 iguanas
  9 orc wizards
  Ijyb (D:3)
  3 gnolls (D:5)
  7 adders
  4 white imps
  2 ufetubi (D:7)
  2 worms (D:4)
  3 dart slugs
  25 orcs
  A bat (D:1)
  3 endoplasms
  A giant cockroach (D:4)
  12 goblins
  7 hobgoblins
  7 jackals
  17 kobolds
  5 quokkas
  6 ball pythons
  4 frilled lizards
  6 rats
215 creatures vanquished.

Vanquished Creatures (others)
  A kobold brigand (D:10)
  A kobold (D:9)
  A fungus (D:1)
3 creatures vanquished.

Grand Total: 218 creatures vanquished

Notes
Turn   | Place    | Note
-------+----------+-------------------------------------------
     0 | D:1      | qw the Formicid Cinder Acolyte began the quest for the Orb.
     0 | D:1      | Reached XP level 1. HP: 18/18 MP: 2/2
     0 | D:1      | 0 ||| qw: Version: 0.1-a-102-g441f92d
     0 | D:1      | 0 ||| qw: Game counter: 5189
     0 | D:1      | 0 ||| qw: Always use a shield: true
     0 | D:1      | 0 ||| qw: God list: Okawaru
     0 | D:1      | 0 ||| qw: Allow faded altars: false
     0 | D:1      | 0 ||| qw: Do Orc after D:15 true
     0 | D:1      | 0 ||| qw: Do second Lair branch before Depths: true
     0 | D:1      | 0 ||| qw: Lair rune preference: random
     0 | D:1      | 0 ||| qw: Plans: Normal
     0 | D:1      | 0 ||| PLANNING D:1-11
    33 | D:1      | 33 ||| Stepping ~*~*~tactically~*~*~ (stealth).
    37 | D:1      | 37 ||| INVOKING Fiery Armour.
   359 | D:1      | Found a faded altar of an unknown god.
   411 | D:1      | 411 ||| Stepping ~*~*~tactically~*~*~ (stealth).
   423 | D:1      | Reached XP level 2. HP: 24/24 MP: 3/3
   467 | D:1      | 467 ||| Stepping ~*~*~tactically~*~*~ (hiding).
   569 | D:1      | 569 ||| Stepping ~*~*~tactically~*~*~ (hiding).
   671 | D:1      | 671 ||| Stepping ~*~*~tactically~*~*~ (hiding).
   706 | D:1      | 706 ||| Stepping ~*~*~tactically~*~*~ (stealth).
  1077 | D:1      | Reached skill level 4 in Axes
  1077 | D:1      | Reached XP level 3. HP: 29/29 MP: 4/4
  1473 | D:1      | 1473 ||| UPGRADING to +0 scale mail.
  1483 | D:1      | 1483 ||| DROPPING +0 robe.
  1588 | D:2      | Reached skill level 1 in Armour
  2146 | D:2      | Reached skill level 1 in Throwing
  2223 | D:2      | 2223 ||| Stepping ~*~*~tactically~*~*~ (hiding).
  2402 | D:2      | 2402 ||| UPGRADING to +0 cloak.
  2407 | D:2      | 2407 ||| UPGRADING to +0 pair of gloves.
  2412 | D:2      | 2412 ||| READING 2 scrolls labelled BARADGH NOSMEI.
  2413 | D:2      | 2413 ||| READING 3 scrolls labelled QATEUCLOIRGH.
  2414 | D:2      | 2414 ||| READING scroll labelled KAHATITUTYIL.
  2415 | D:2      | 2415 ||| DROPPING scroll of magic mapping.
  2496 | D:3      | Reached XP level 4. HP: 35/35 MP: 5/5
  2612 | D:3      | Found a glowing silver altar of Zin.
  2670 | D:3      | 2670 ||| Stepping ~*~*~tactically~*~*~ (stealth).
  2671 | D:3      | 2671 ||| Stepping ~*~*~tactically~*~*~ (stealth).
  2698 | D:3      | 2698 ||| Stepping ~*~*~tactically~*~*~ (stealth).
  2772 | D:3      | Noticed Grinder
  2773 | D:3      | 2773 ||| Stepping ~*~*~tactically~*~*~ (hiding).
  2777 | D:3      | Noticed Ijyb
  2778 | D:3      | 2778 ||| INVOKING Fiery Armour.
  2790 | D:3      | 2790 ||| Stepping ~*~*~tactically~*~*~ (hiding).
  2797 | D:3      | Killed Ijyb
  2798 | D:3      | HP: 2/35 [Grinder/nerve-wracking pain (12)]
  2802 | D:3      | Killed Grinder
  2803 | D:3      | Reached skill level 6 in Axes
  2803 | D:3      | Reached XP level 5. HP: 2/41 MP: 6/6
  2803 | D:3      | Reached XP level 6. HP: 3/47 MP: 7/7
  3179 | D:3      | 3179 ||| READING scroll of enchant weapon.
  3179 | D:3      | 3179 ||| ENCHANTING +0 hand axe of flaming.
  3346 | D:3      | Reached skill level 1 in Dodging
  3404 | D:3      | 3404 ||| Stepping ~*~*~tactically~*~*~ (hiding).
  3408 | D:3      | 3408 ||| FLEEEEING.
  3410 | D:3      | 3410 ||| INVOKING Fiery Armour.
  3426 | D:3      | Reached XP level 7. HP: 24/52 MP: 8/8
  3999 | D:3      | 3999 ||| UPGRADING to ring of resist corrosion.
  4000 | D:3      | 4000 ||| READING scroll labelled ELUASUESYPP.
  4001 | D:3      | 4001 ||| READING scroll labelled HAYKLAYLIG.
  4002 | D:3      | 4002 ||| DRINKING 3 white potions.
  4003 | D:3      | 4003 ||| DRINKING 2 sapphire potions.
  4051 | D:3      | 4051 ||| DROPPING potion of lignification.
  4123 | D:4      | 4123 ||| READING scroll of enchant weapon.
  4123 | D:4      | 4123 ||| ENCHANTING +1 hand axe of flaming.
  4391 | D:4      | Found a radiant altar of Vehumet.
  4416 | D:4      | You fall into a shaft and drop 2 floors!
  4430 | D:6      | 4430 ||| DRINKING 2 cyan potions.
  4430 | D:6      | Gained mutation: Your mind is acute. (Int +4, Str/Dex -1)
                  | [potion of mutation]
  4430 | D:6      | Gained mutation: You are agile. (Dex +4, Str/Int -1)
                  | [potion of mutation]
  4439 | D:5      | Entered Level 5 of the Dungeon
  4558 | D:5      | 4558 ||| Stepping ~*~*~tactically~*~*~ (stealth).
  4568 | D:5      | 4568 ||| Stepping ~*~*~tactically~*~*~ (stealth).
  4580 | D:5      | Reached skill level 7 in Axes
  4753 | D:5      | 4753 ||| Stepping ~*~*~tactically~*~*~ (hiding).
  4754 | D:5      | 4754 ||| Stepping ~*~*~tactically~*~*~ (hiding).
  4756 | D:5      | 4756 ||| Stepping ~*~*~tactically~*~*~ (hiding).
  4805 | D:5      | 4805 ||| Stepping ~*~*~tactically~*~*~ (stealth).
  4806 | D:5      | 4806 ||| Stepping ~*~*~tactically~*~*~ (stealth).
  4888 | D:4      | Identified the +7 trident "Lotuc" {spect, rPois rF+ Dex+3}
  5063 | D:4      | Found a blossoming altar of Fedhas.
  5064 | D:4      | Found an iron altar of Okawaru.
  5065 | D:4      | Found an opulent altar of Gozag.
  5088 | D:4      | Reached skill level 8 in Axes
  5088 | D:4      | Reached XP level 8. HP: 56/60 MP: 9/9
  5300 | D:4      | 5300 ||| UPGRADING to +0 chain mail.
  5310 | D:4      | 5310 ||| DROPPING +0 scale mail.
  5311 | D:4      | 5311 ||| READING scroll labelled YNU VUUZEDU.
  5312 | D:4      | 5312 ||| READING 2 scrolls of identify.
  5312 | D:4      | 5312 ||| IDENTIFYING lumpy orange potion
  5313 | D:4      | 5313 ||| DROPPING potion of magic.
  5358 | D:5      | 5358 ||| Stepping ~*~*~tactically~*~*~ (hiding).
  5372 | D:5      | 5372 ||| FLEEEEING.
  5385 | D:5      | Reached skill level 3 in Armour
  5391 | D:5      | 5391 ||| FLEEEEING.
  5392 | D:5      | 5392 ||| FLEEEEING.
  5395 | D:5      | 5395 ||| STAIRDANCE
  5470 | D:5      | Identified the amulet "Yzap" {Faith Will- Str+9}
  5905 | D:5      | 5905 ||| Stepping ~*~*~tactically~*~*~ (hiding).
  6008 | D:5      | Identified the +1 flail of the Lettuce {freeze, Int+4}
  6142 | D:5      | 6142 ||| UPGRADING to +1 cloak.
  6152 | D:5      | 6152 ||| DROPPING +0 cloak.
  6153 | D:5      | 6153 ||| UPGRADING to amulet "Yzap" {Faith Will- Str+9}.
  6158 | D:5      | 6158 ||| READING 2 scrolls labelled PEUL WUSIMINIJ.
  6159 | D:5      | 6159 ||| READING scroll labelled KUXZADGHUOX.
  6188 | D:5      | 6188 ||| DROPPING +0 whip.
  6213 | D:5      | 6213 ||| DROPPING +0 flail.
  6214 | D:5      | 6214 ||| DRINKING 3 metallic orange potions.
  6215 | D:5      | 6215 ||| READING 2 scrolls of identify.
  6215 | D:5      | 6215 ||| IDENTIFYING purple potion
  6216 | D:5      | 6216 ||| DROPPING scroll of fog.
  6217 | D:5      | 6217 ||| DROPPING 2 potions of brilliance.
  6258 | D:6      | 6258 ||| Stepping ~*~*~tactically~*~*~ (stealth).
  6533 | D:6      | Found a transporter.
  6535 | D:6      | Noticed qw's ghost (novice FoCA)
  6535 | D:6      | Noticed a two-headed ogre
  6537 | D:6      | Found a transporter.
  6556 | D:6      | 6556 ||| Stepping ~*~*~tactically~*~*~ (stealth).
  6638 | D:6      | 6638 ||| Stepping ~*~*~tactically~*~*~ (stealth).
  6639 | D:6      | 6639 ||| Stepping ~*~*~tactically~*~*~ (stealth).
  6652 | D:6      | Reached skill level 9 in Axes
  6686 | D:6      | 6686 ||| Stepping ~*~*~tactically~*~*~ (stealth).
  6689 | D:6      | Reached XP level 9. HP: 68/68 MP: 10/10
  6806 | D:6      | Noticed Edmund
  6841 | D:6      | Killed Edmund
  6842 | D:6      | Reached skill level 6 in Fighting
  7132 | D:6      | 7132 ||| Stepping ~*~*~tactically~*~*~ (hiding).
  7438 | D:6      | 7438 ||| READING scroll labelled DABLAU CANKYTT.
  7439 | D:6      | 7439 ||| READING scroll labelled SOJEUL TU JUKH.
  7440 | D:6      | 7440 ||| READING scroll labelled XILUFFITORPH.
  7441 | D:6      | 7441 ||| DRINKING 2 lumpy grey potions.
  7442 | D:6      | 7442 ||| DROPPING potion of invisibility.
  7484 | D:7      | 7484 ||| Stepping ~*~*~tactically~*~*~ (hiding).
  7496 | D:7      | Reached skill level 10 in Axes
  7496 | D:7      | 7496 ||| INVOKING Fiery Armour.
  7530 | D:7      | 7530 ||| FLEEEEING.
  7531 | D:7      | 7531 ||| FLEEEEING.
  7532 | D:7      | 7532 ||| FLEEEEING.
  7533 | D:7      | 7533 ||| STAIRDANCE
  7737 | D:6      | 7737 ||| DRINKING 2 lumpy red potions.
  7738 | D:6      | 7738 ||| DROPPING potion of berserk rage.
  7753 | D:7      | 7753 ||| STAIRDANCE
  7863 | D:7      | 7863 ||| READING scroll of enchant armour.
  7863 | D:7      | 7863 ||| ENCHANTING +0 pair of gloves.
  7878 | D:7      | Found a staircase to the Ecumenical Temple.
  8290 | D:7      | 8290 ||| UPGRADING to amulet of reflection.
  8300 | D:7      | 8300 ||| READING scroll labelled TORRIHI DOEDGH.
  8458 | D:7      | 8458 ||| READING scroll labelled IMUB RAMEOTOSO.
  8559 | D:7      | 8559 ||| DRINKING 2 metallic white potions.
  8560 | D:7      | 8560 ||| DRINKING 3 smoky inky potions.
  8561 | D:7      | 8561 ||| READING 2 scrolls of identify.
  8561 | D:7      | 8561 ||| IDENTIFYING silvery potion
  8562 | D:7      | 8562 ||| DROPPING potion of flight.
  8690 | D:8      | 8690 ||| UPGRADING to +0 plate armour.
  8700 | D:8      | 8700 ||| DROPPING +0 chain mail.
  8701 | D:8      | 8701 ||| READING scroll labelled NOUNOA UPOL.
  8702 | D:8      | 8702 ||| Stepping randomly (stuck).
  8703 | D:8      | 8703 ||| Stepping randomly (stuck).
  8704 | D:8      | 8704 ||| Stepping randomly (stuck).
  8705 | D:8      | 8705 ||| Stepping randomly (stuck).
  8706 | D:8      | 8706 ||| Stepping randomly (stuck).
  8707 | D:8      | 8707 ||| Stepping randomly (stuck).
  8708 | D:8      | 8708 ||| Stepping randomly (stuck).
  8709 | D:8      | 8709 ||| Stepping randomly (stuck).
  8754 | D:8      | 8754 ||| Stepping ~*~*~tactically~*~*~ (hiding).
  8775 | D:8      | Reached XP level 10. HP: 69/79 MP: 11/11
  8831 | D:8      | 8831 ||| FLEEEEING.
  8832 | D:8      | 8832 ||| FLEEEEING.
  8833 | D:8      | 8833 ||| FLEEEEING.
  8834 | D:8      | 8834 ||| FLEEEEING.
  8835 | D:8      | 8835 ||| FLEEEEING.
  8839 | D:8      | 8839 ||| FLEEEEING.
  8846 | D:8      | 8846 ||| FLEEEEING.
  8847 | D:8      | 8847 ||| FLEEEEING.
  8848 | D:8      | 8848 ||| FLEEEEING.
  8850 | D:8      | 8850 ||| FLEEEEING.
  8851 | D:8      | 8851 ||| FLEEEEING.
  8852 | D:8      | 8852 ||| FLEEEEING.
  8853 | D:8      | 8853 ||| FLEEEEING.
  8854 | D:8      | 8854 ||| FLEEEEING.
  8855 | D:8      | 8855 ||| FLEEEEING.
  8856 | D:8      | 8856 ||| FLEEEEING.
  8857 | D:8      | 8857 ||| FLEEEEING.
  8858 | D:8      | 8858 ||| FLEEEEING.
  8859 | D:8      | 8859 ||| FLEEEEING.
  8860 | D:8      | 8860 ||| FLEEEEING.
  8861 | D:8      | 8861 ||| FLEEEEING.
  8862 | D:8      | 8862 ||| FLEEEEING.
  8863 | D:8      | 8863 ||| FLEEEEING.
  8868 | D:8      | 8868 ||| FLEEEEING.
  8869 | D:8      | 8869 ||| FLEEEEING.
  8870 | D:8      | 8870 ||| FLEEEEING.
  8871 | D:8      | 8871 ||| STAIRDANCE
  9253 | D:8      | Reached skill level 6 in Armour
  9263 | D:8      | 9263 ||| INVOKING Fiery Armour.
  9266 | D:8      | 9266 ||| DRINKING 2 potions of heal wounds.
  9461 | D:8      | 9461 ||| SWAPPING to +4 battleaxe of freezing.
  9462 | D:8      | 9462 ||| DROPPING +2 vampiric hand axe.
  9523 | D:8      | 9523 ||| Stepping ~*~*~tactically~*~*~ (stealth).
  9856 | D:8      | 9856 ||| READING scroll labelled ZUAFE QIQELOT.
  9857 | D:8      | 9857 ||| READING 2 scrolls of identify.
  9857 | D:8      | 9857 ||| IDENTIFYING green potion
  9858 | D:8      | 9858 ||| DROPPING potion of attraction.
  9859 | D:8      | 9859 ||| Stepping randomly (stuck).
  9861 | D:8      | 9861 ||| Stepping randomly (stuck).
  9863 | D:8      | 9863 ||| Stepping randomly (stuck).
  9864 | D:8      | 9864 ||| Stepping randomly (stuck).
  9865 | D:8      | 9865 ||| Stepping randomly (stuck).
  9866 | D:8      | 9866 ||| Stepping randomly (stuck).
  9867 | D:8      | 9867 ||| Stepping randomly (stuck).
  9868 | D:8      | 9868 ||| Stepping randomly (stuck).
  9869 | D:8      | 9869 ||| Stepping randomly (stuck).
  9870 | D:8      | 9870 ||| Stepping randomly (stuck).
  9871 | D:8      | 9871 ||| Stepping randomly (stuck).
  9872 | D:8      | 9872 ||| Stepping randomly (stuck).
  9873 | D:8      | 9873 ||| Stepping randomly (stuck).
  9874 | D:8      | 9874 ||| Stepping randomly (stuck).
  9875 | D:8      | 9875 ||| Stepping randomly (stuck).
  9876 | D:8      | 9876 ||| Stepping randomly (stuck).
  9877 | D:8      | 9877 ||| Stepping randomly (stuck).
  9919 | D:8      | Reached skill level 11 in Axes
 10012 | D:8      | 10012 ||| Stepping ~*~*~tactically~*~*~ (hiding).
 10188 | D:8      | 10188 ||| Stepping ~*~*~tactically~*~*~ (hiding).
 10303 | D:8      | 10303 ||| INVOKING Fiery Armour.
 10469 | D:8      | 10469 ||| UPGRADING to +2 kite shield.
 10903 | D:9      | Reached skill level 3 in Shields
 10998 | D:9      | 10998 ||| INVOKING Fiery Armour.
 11643 | D:9      | Reached skill level 6 in Shields
 11643 | D:9      | 11643 ||| INVOKING Fiery Armour.
 11746 | D:9      | 11746 ||| DRINKING 8 potions of curing.
 11746 | D:9      | 11746 ||| (to cure confusion)
 11794 | D:9      | Reached XP level 11. HP: 38/85 MP: 12/12
 11800 | D:9      | HP: 21/85 [poisoned by a killer bee]
 12360 | D:9      | 12360 ||| READING 3 scrolls of identify.
 12360 | D:9      | 12360 ||| IDENTIFYING fizzy silvery potion
 12361 | D:9      | 12361 ||| DROPPING potion of ambrosia.
 12376 | D:10     | Entered Level 10 of the Dungeon
 12383 | D:10     | 12383 ||| STAIRDANCE
 12869 | D:10     | 12869 ||| Stepping ~*~*~tactically~*~*~ (stealth).
 12898 | D:10     | 12898 ||| Stepping ~*~*~tactically~*~*~ (stealth).
 12899 | D:10     | 12899 ||| Stepping ~*~*~tactically~*~*~ (stealth).
 12900 | D:10     | 12900 ||| Stepping ~*~*~tactically~*~*~ (stealth).
 12901 | D:10     | 12901 ||| Stepping ~*~*~tactically~*~*~ (stealth).
 12908 | D:10     | 12908 ||| INVOKING Fiery Armour.
 12919 | D:10     | Reached skill level 9 in Shields
 13116 | D:10     | Found a staircase to the Orcish Mines.
 13136 | D:10     | Found Geoppov's Weapon Shoppe.
 13203 | D:10     | 13203 ||| READING 2 scrolls of identify.
 13203 | D:10     | 13203 ||| IDENTIFYING fizzy ruby potion
 13256 | D:11     | Identified the +3 quarterstaff of Foud {spect, Will+
                  | Stlth+}
 13260 | D:11     | Noticed Nergalle
 13266 | D:11     | HP: 4/74 [Nergalle/bolt of negative energy (35)]
 13267 | D:11     | 13267 ||| DRINKING 2 potions of heal wounds.
 13268 | D:11     | 13268 ||| DRINKING potion of heal wounds.
 13269 | D:11     | 13269 ||| INVOKING Fiery Armour.
 13271 | D:11     | HP: 15/74 [poisoned by a spectral orc warrior]
 13273 | D:11     | Killed from afar by Nergalle

Levels and vault maps discovered:
D:1:      roderic_dead_forest, layout_basic,
          shapermc_ecumenical_altar_rom_forum, kennysheep_small_spiral
D:2:      layout_basic
D:3:      layout_basic, mainiacjoe_overflow_brackets, serial_rivers,
          chequers_serial_rivers_micro_b, chequers_serial_rivers_large_b,
          chequers_serial_rivers_large_a, chequers_serial_rivers_marsh,
          chequers_serial_rivers_micro_c, uniq_ijyb, uniq_grinder
D:4:      layout_basic, chequers_temple_overflow_statue_of_worship,
          nicolae_vehumet_altar_sigil, minmay_misc_feat_nine_boxes,
          minmay_unequal
D:5:      layout_basic, serial_rivers, chequers_serial_rivers_small_a,
          chequers_serial_rivers_marsh, chequers_serial_rivers_room_b,
          chequers_serial_rivers_micro_e, chequers_serial_rivers_room_a,
          chequers_serial_rivers_micro_d, dreamdust_wishing_well
D:6:      layout_basic, gammafunk_ghost_smash, serial_bayou_pond_a,
          serial_park_tiny_1, uniq_edmund
D:7:      layout_basic, minmay_temple_entry_slanted
D:8:      minmay_octagon_keep, layout_loops_corners, serial_co_window_serial,
          co_window_corner_a, co_window_paths_a, co_window_of_opportunity_a,
          co_window_corner_a, co_window_paths_a, co_window_cross_2,
          co_window_broadway_a, co_window_of_opportunity_b
D:9:      layout_layer_cave, enter_bailey_2
D:10:     layout_long_grid, orc_0_dummy, serial_shops,
          nicolae_shop_bloodbath_and_beyond
D:11:     layout_grid_maze, erik_lair_island, palyth_stone_intersect,
          minmay_ruined_shrine, uniq_lodul, uniq_nergalle, uniq_erolcha

Skill      XL: |  1  2  3  4  5  6  7  8  9 10 11 |
---------------+----------------------------------+-----
Axes           | 4 6 8 9 10 11 | 11.1
Armour         | 1 2 4 5 7 |  7.0
Throwing       | 1 |  1.0
Dodging        | 1 2 |  2.3
Fighting       | 4 5 7 |  7.7
Shields        | 7 10 | 10.0
Spellcasting   | |  1.1
Fire Magic     | |  3.0

Action                   |  1- 3 |  4- 6 |  7- 9 | 10-12 || total
-------------------------+-------+-------+-------+-------++-------
Melee: Hand axe          |    58 |    49 |   329 |    38 ||   474
       Unarmed           |       |    10 |       |       ||    10
       Battleaxe         |       |       |       |   137 ||   137
       Punch             |       |       |       |     1 ||     1
Throw: Boomerang         |    31 |     7 |    53 |    55 ||   146
Invok: Fiery Armour      |     1 |     2 |     1 |     6 ||    10
  Use: Scroll            |     3 |     1 |    16 |     4 ||    24
       Potion            |       |       |     8 |     4 ||    12
Armor: Robe              |     4 |       |       |       ||     4
       Scale mail        |     9 |    31 |    37 |       ||    77
       Skin              |       |     2 |       |       ||     2
       Chain mail        |       |       |   106 |       ||   106
       Plate armour      |       |       |    25 |   153 ||   178
Dodge: Dodged            |    23 |    16 |   133 |    61 ||   233
Block: Other             |       |       |     7 |    19 ||    26
       Kite shield       |       |       |       |   152 ||   152
       Reflection        |       |       |       |    18 ||    18

Table legend:
 A = Non-vault XP
 B = Vault XP
 C = Vault XP percentage of total XP
 D = Non-vault monster count
 E = Vault monster count
 F = Vault count percentage of total count
                 A         B        C        D         E       F
            +---------+---------+-------+---------+---------+-------
      Total |    7622 |    1668 |  18.0 |     194 |      23 |  10.6
            +---------+---------+-------+---------+---------+-------
        D:1 |      36 |       0 |   0.0 |      20 |       0 |   0.0
        D:2 |      32 |       0 |   0.0 |      11 |       0 |   0.0
        D:3 |     153 |     319 |  67.6 |      17 |       2 |  10.5
        D:4 |      90 |      50 |  35.7 |      19 |       4 |  17.4
        D:5 |     794 |       0 |   0.0 |      22 |       0 |   0.0
        D:6 |    1068 |     162 |  13.2 |      19 |       1 |   5.0
        D:7 |     780 |       0 |   0.0 |      12 |       0 |   0.0
        D:8 |     964 |    1102 |  53.3 |      16 |      15 |  48.4
        D:9 |    2304 |       0 |   0.0 |      32 |       0 |   0.0
       D:10 |    1216 |       0 |   0.0 |      22 |       0 |   0.0
       D:11 |     185 |      35 |  15.9 |       4 |       1 |  20.0
            +---------+---------+-------+---------+---------+-------
